[Event "Titled Tuesday Blitz March 22 Early 2022"]
[White "Grischuk, Alexander"]
[Black "Babazada, Khazar"]
[WhiteFideId "4126025"]
[BlackFideId "13413554"]
[WhiteElo "2762"]
[BlackElo "2418"]
[Result "1/2-1/2"]
[Round "04"]
[TimeControl "180+1"]
[Date "2022.03.22"]
[WhiteClock "0:00:06"]
[BlackClock "0:00:05"]

1. e4 g6 2. d4 Bg7 3. Nf3 d6 4. Bd3 Nf6 5. O-O O-O 6. Re1 Nc6 7. d5 Nb4 8. Bf1 Bg4 9. Na3 Nd7 10. h3 Bxf3 11. Qxf3 a5 12. Qd1 c6 13. c3 Na6 14. Bg5 Re8 15. Qd2 Qc7 16. Rad1 Nac5 17. Nc2 Nb6 18. h4 Qd7 19. h5 cxd5 20. exd5 Qa4 21. Bxe7 Qxa2 22. h6 Rxe7 23. Rxe7 Bf8 24. Rc7 Qxb2 25. Qf4 Nbd7 26. Nd4 Qxc3 27. Bb5 Ne5 28. Rc1 Qb2 29. R1xc5 dxc5 30. Nf3 Nxf3+ 31. Qxf3 Qb1+ 32. Bf1 Qf5 33. Qxf5 gxf5 34. Rxb7 a4 35. Bc4 a3 36. Ba2 c4 37. Rc7 Bxh6 38. d6 Bf4 39. Rc6 Rd8 40. g3 Bxd6 41. Bxc4 Kg7 42. Kg2 f4 43. g4 Kf6 44. Ra6 Ke5 45. Bxf7 Kd4 46. Kf3 Kc3 47. Rc6+ Kb4 48. Rb6+ Ka5 49. Rb7 Bc5 50. Bc4 Rd2 51. Rb5+ Ka4 52. Rxc5 Kb4 53. Rc7 Rc2 54. Rxh7 Kxc4 55. Ra7 Kb3 56. g5 a2 57. g6 Rc6 58. g7 Rg6 59. Rb7+ Ka3 60. Ra7+ Kb3 61. Rb7+ Kc3 62. Ra7 Kb2 63. Rb7+ Kc2 64. Rc7+ Kb2 65. Rb7+ Kc2 66. Rc7+ Kb2 67. Rb7+ 1/2-1/2


[Site "https://www.chess.com"]

[Event "Titled Tuesday Blitz March 22 Early 2022"]
[White "Guseva, Marina"]
[Black "Kowalczyk, Pawel"]
[WhiteFideId "4149351"]
[BlackFideId "1130641"]
[WhiteElo "2160"]
[BlackElo "2344"]
[Result "1-0"]
[Round "04"]
[TimeControl "180+1"]
[Date "2022.03.22"]
[WhiteClock "0:00:06"]
[BlackClock "0:00:04"]

1. d4 Nf6 2. Nf3 g6 3. Bf4 Bg7 4. e3 O-O 5. Be2 c5 6. O-O b6 7. a4 Nc6 8. c3 d6 9. h3 Bb7 10. Nbd2 Re8 11. Bh2 Qc7 12. Qb3 Rad8 13. Nc4 Qc8 14. Qa3 Ne4 15. Rfd1 h6 16. Rac1 Ba6 17. Bd3 Bxc4 18. Bxc4 d5 19. Bd3 e5 20. Bb5 exd4 21. cxd4 c4 22. b3 c3 23. Ne5 Bxe5 24. Bxe5 Re6 25. Bf4 g5 26. Bh2 a5 27. f3 Nb4 28. fxe4 Rxe4 29. Qa1 Rxe3 30. Kh1 c2 31. Re1 Rxb3 32. Re2 Qf5 33. Bg3 Rb1 34. Qa3 Qf1+ 35. Rxf1 Rxf1+ 36. Kh2 c1=Q 37. Qxc1 Rxc1 38. Re7 Kf8 39. Rb7 Rd1 40. Bc7 Kg8 41. Bxd8 Rxd4 42. Bxb6 Rd2 43. Bxa5 Rb2 44. Bxb4 Rxb4 45. Rd7 d4 46. Bc6 f5 47. a5 Kf8 48. a6 Ra4 49. Bxa4 d3 1-0


[Site "https://www.chess.com"]

[Event "Titled Tuesday Blitz March 22 Early 2022"]
[White "Dronavalli, Harika"]
[Black "Deac, Bogdan-Daniel"]
[WhiteFideId "5015197"]
[BlackFideId "1226380"]
[WhiteElo "2382"]
[BlackElo "2646"]
[Result "0-1"]
[Round "04"]
[TimeControl "180+1"]
[Date "2022.03.22"]
[WhiteClock "0:00:33"]
[BlackClock "0:00:22"]

1. d4 Nf6 2. Nf3 d5 3. Bf4 c5 4. e3 Nc6 5. Nbd2 Nh5 6. dxc5 Nxf4 7. exf4 Qa5 8. c4 e6 9. a3 Qxc5 10. Bd3 g6 11. b4 Qd6 12. g3 Bg7 13. Rb1 a5 14. c5 Qe7 15. O-O axb4 16. axb4 O-O 17. Re1 Ra3 18. Rb3 Ra1 19. Rb1 Nxb4 20. Bxg6 hxg6 21. Rxa1 Bxa1 22. Qxa1 Nc2 23. Qc3 Nxe1 24. Nxe1 Bd7 25. Qb4 Bc6 26. Nef3 f6 27. Nd4 e5 28. Nxc6 bxc6 29. Nf3 Kg7 30. Qb6 Rc8 31. Qa6 Rc7 32. Qb6 exf4 33. Nd4 Rc8 34. Nxc6 Qe1+ 35. Kg2 f3+ 36. Kh3 Rh8+ 0-1


[Site "https://www.chess.com"]

[Event "Titled Tuesday Blitz March 22 Early 2022"]
[White "Harish, Neeraj"]
[Black "Lauridsen, Jesper Morch"]
[WhiteFideId "30958130"]
[BlackFideId "1401890"]
[WhiteElo "1574"]
[BlackElo "2236"]
[Result "1-0"]
[Round "04"]
[TimeControl "180+1"]
[Date "2022.03.22"]
[WhiteClock "0:00:04"]
[BlackClock "0:00:11"]

1. e4 e5 2. Nf3 Nf6 3. Nxe5 d6 4. Nf3 Nxe4 5. Nc3 Nxc3 6. dxc3 Be7 7. Be3 O-O 8. Qd2 Nd7 9. O-O-O Nf6 10. Bd3 c5 11. h4 Qa5 12. Kb1 b5 13. Ng5 Rb8 14. Ne4 Be6 15. b3 c4 16. b4 Qa3 17. Nxf6+ Bxf6 18. Bxh7+ Kxh7 19. Bd4 Bxd4 20. Qxd4 a5 21. h5 Rg8 22. Qe4+ Kh8 23. Qd4 f6 24. h6 axb4 25. hxg7+ Kxg7 26. Qxd6 Rh8 27. Qe7+ Bf7 28. Rh3 Rxh3 29. gxh3 Ra8 30. Rg1+ Kh6 31. Qxf6+ Kh5 32. Qg5# 1-0


[Site "https://www.chess.com"]

[Event "Titled Tuesday Blitz March 22 Early 2022"]
[White "Hnydiuk, Aleksander"]
[Black "Winkels, Marcel"]
[WhiteFideId "1109057"]
[BlackFideId "1003887"]
[WhiteElo "2374"]
[BlackElo "1900"]
[Result "1-0"]
[Round "04"]
[TimeControl "180+1"]
[Date "2022.03.22"]
[WhiteClock "0:01:23"]
[BlackClock "0:01:10"]

1. c4 Nf6 2. g3 c5 3. Bg2 e6 4. Nf3 d5 5. cxd5 exd5 6. d4 cxd4 7. O-O Nc6 8. Nxd4 Bc5 9. Nxc6 bxc6 10. Qc2 Qe7 11. b4 Bd4 12. Bb2 Bxb2 13. Qxb2 O-O 14. Qd2 Ba6 15. Re1 Ne4 16. Qd4 Rab8 17. a3 Nd6 18. Nd2 Nc4 19. Nxc4 Bxc4 20. e4 Qd7 21. exd5 Bxd5 22. Rad1 Rbd8 23. Bxd5 cxd5 24. Re5 Rfe8 25. Rxd5 Qxd5 26. Qxd5 Re1+ 27. Rxe1 1-0


[Site "https://www.chess.com"]

[Event "Titled Tuesday Blitz March 22 Early 2022"]
[White "Hua, Lefong"]
[Black "Danilenko, Dmitriy"]
[WhiteFideId "2602253"]
[BlackFideId "14120844"]
[WhiteElo "2600"]
[BlackElo "2606"]
[Result "0-1"]
[Round "04"]
[TimeControl "180+1"]
[Date "2022.03.22"]
[WhiteClock "0:00:14"]
[BlackClock "0:00:37"]

1. d4 f5 2. Nc3 d5 3. Bg5 g6 4. e3 Bg7 5. Nf3 Nh6 6. Ne5 c6 7. h4 Nd7 8. h5 Nxe5 9. Bxh6 Bxh6 10. dxe5 g5 11. Qd4 Be6 12. f4 gxf4 13. exf4 Rg8 14. Qf2 Qa5 15. O-O-O O-O-O 16. g3 c5 17. Bh3 d4 18. Ne4 Qxa2 19. b3 fxe4 20. Bxe6+ Kb8 21. Rhe1 e3 0-1


[Site "https://www.chess.com"]

[Event "Titled Tuesday Blitz March 22 Early 2022"]
[White "Ianov, Viktor"]
[Black "Moroni, Luca Jr"]
[WhiteFideId "14102730"]
[BlackFideId "865834"]
[WhiteElo "2161"]
[BlackElo "2573"]
[Result "0-1"]
[Round "04"]
[TimeControl "180+1"]
[Date "2022.03.22"]
[WhiteClock "0:00:41"]
[BlackClock "0:00:30"]

1. Nf3 g6 2. g3 Bg7 3. Bg2 d6 4. d4 Bd7 5. c4 Qc8 6. h3 Nc6 7. Nc3 Nf6 8. e4 e5 9. d5 Ne7 10. Be3 h6 11. c5 O-O 12. Rc1 Qd8 13. O-O Nh5 14. cxd6 cxd6 15. Qb3 f5 16. Qxb7 Rb8 17. Qxa7 f4 18. gxf4 Nxf4 19. Bxf4 Rxf4 20. b3 g5 21. Qe3 Ng6 22. Ne2 h5 23. Rfd1 g4 24. hxg4 hxg4 25. Nd2 Bh6 26. Nc4 Qf6 27. Ng3 Rf8 28. Rc2 Nh4 29. Nh5 Qg6 30. Nxf4 Bxf4 31. Qa7 Qh7 32. Nb6 Nf3+ 33. Kf1 Bb5+ 0-1


[Site "https://www.chess.com"]

[Event "Titled Tuesday Blitz March 22 Early 2022"]
[White "Iljin, Timofey"]
[Black "Tanenbaum, Zachary"]
[WhiteFideId "14110180"]
[BlackFideId "2060850"]
[WhiteElo "2396"]
[BlackElo "2168"]
[Result "1-0"]
[Round "04"]
[TimeControl "180+1"]
[Date "2022.03.22"]
[WhiteClock "0:00:16"]
[BlackClock "0:00:13"]

1. d4 d5 2. c4 Bf5 3. cxd5 Bxb1 4. Rxb1 Qxd5 5. a3 Nc6 6. Nf3 O-O-O 7. Qc2 Nxd4 8. Nxd4 Qxd4 9. Be3 Qd5 10. Rc1 c6 11. b4 e6 12. Bxa7 Nf6 13. Bb6 Rd7 14. e3 Bd6 15. Rd1 Qe5 16. Be2 Nd5 17. Bd4 Qg5 18. O-O Rhd8 19. b5 c5 20. b6 Nxb6 21. Rb1 Rc7 22. Bc3 Nd5 23. Ba5 b6 24. Bxb6 Nxb6 25. Rxb6 Kd7 26. a4 Ke7 27. a5 c4 28. a6 c3 29. Bf3 Qa5 30. Rfb1 Bc5 31. Rb7 Rxb7 32. axb7 Bd6 33. Qxh7 g6 34. Qh4+ Kd7 35. Qc4 Qc7 36. Qb5+ Ke7 37. Be4 Rb8 38. Rc1 Bxh2+ 39. Kf1 Bd6 40. Ke2 Qc5 41. Qxc5 Bxc5 42. Rxc3 Kd6 43. f4 f5 44. Bf3 Bb6 45. g4 Bc7 46. Rc6+ Kd7 47. Rc4 Kd6 48. g5 Kd7 49. Kd3 Kd6 50. Kc3 Kd7 51. Kc2 Kd6 52. Kd2 Bb6 53. Rc6+ Kd7 54. Rxb6 Kc7 55. Rb4 Rd8+ 56. Kc2 Rb8 57. Rc4+ Kd6 58. Kc3 Kd7 59. Rd4+ Kc7 60. Kd3 Kb6 61. Rc4 Ka7 62. Rc8 Rxb7 63. Bxb7 Kxb7 64. Re8 Kc6 65. Rxe6+ Kd5 66. Re5+ Kd6 67. Kd4 Kc6 68. e4 Kd7 69. exf5 gxf5 70. Rxf5 Kd6 71. Rf6+ Ke7 72. Kd5 Kd7 73. Rf7+ Ke8 74. g6 Kd8 75. Kd6 Ke8 76. f5 Kd8 77. Rf8# 1-0


[Site "https://www.chess.com"]

[Event "Titled Tuesday Blitz March 22 Early 2022"]
[White "Iskusnyh, Sergei"]
[Black "Krzywda, Andrzej"]
[WhiteFideId "4120027"]
[BlackFideId "1114565"]
[WhiteElo "2492"]
[BlackElo "2098"]
[Result "1/2-1/2"]
[Round "04"]
[TimeControl "180+1"]
[Date "2022.03.22"]
[WhiteClock "0:00:23"]
[BlackClock "0:00:10"]

1. d4 Nf6 2. c4 e6 3. g3 d5 4. Bg2 Be7 5. Nf3 O-O 6. O-O dxc4 7. Qa4 a6 8. Qxc4 b5 9. Qc2 Bb7 10. Bd2 Nbd7 11. Ba5 Nb6 12. Nbd2 Nfd7 13. Ng5 Bxg5 14. Bxb7 Rb8 15. Bf3 Bxd2 16. Qxd2 Nc4 17. Qc3 Ndb6 18. Rfd1 Nd5 19. Bxd5 Qxd5 20. b3 Nd6 21. Qc5 c6 22. Bc7 Ne4 23. Qxd5 cxd5 24. Bxb8 Rxb8 25. Rac1 b4 26. Rc6 Nc3 27. Rd2 a5 28. Rc2 Kf8 29. R2xc3 bxc3 30. Rc5 a4 31. Rxc3 axb3 32. Rxb3 Ra8 33. a3 g5 34. h3 Ke7 35. g4 Ra4 36. e3 Kf6 37. Kf1 Kg6 38. Ke2 h5 39. Kd3 h4 40. Kc2 f5 41. f3 f4 42. Kd3 fxe3 43. Kxe3 Kf6 44. Rd3 Rc4 45. f4 Rc1 46. fxg5+ Kxg5 47. Kf2 Kf4 48. Rf3+ Ke4 49. Re3+ Kxd4 50. Rxe6 Rc2+ 51. Re2 Rc3 52. Ra2 Rxh3 53. Kg1 Rg3+ 54. Kh1 Rxg4 55. a4 Kc5 56. a5 Rg7 57. a6 Kb6 58. Ra4 Ra7 59. Rd4 Kc5 60. Ra4 Kb5 61. Rd4 Kc5 62. Ra4 Kb5 63. Rd4 Rxa6 64. Rxd5+ Kc6 65. Rh5 Ra4 66. Kh2 Kd6 67. Kh3 Ke6 68. Rxh4 Rxh4+ 69. Kxh4 1/2-1/2


[Site "https://www.chess.com"]

[Event "Titled Tuesday Blitz March 22 Early 2022"]
[White "Jaferian, Koosha"]
[Black "Mikhalsky, Vladimir"]
[WhiteFideId "12507440"]
[BlackFideId "14144352"]
[WhiteElo "2030"]
[BlackElo "2301"]
[Result "0-1"]
[Round "04"]
[TimeControl "180+1"]
[Date "2022.03.22"]
[WhiteClock "0:00:06"]
[BlackClock "0:00:10"]

1. Nf3 c5 2. b3 d5 3. e3 Nf6 4. Bb2 Nc6 5. Be2 Bg4 6. O-O e6 7. c4 d4 8. Nxd4 Nxd4 9. Bxg4 Nxg4 10. exd4 Qh4 11. h3 Nf6 12. dxc5 Bxc5 13. Qf3 O-O-O 14. Be5 a6 15. a3 Nd7 16. Bg3 Qf6 17. Qxf6 Nxf6 18. b4 Bd6 19. Bxd6 Rxd6 20. c5 Rd3 21. Ra2 Rhd8 22. f3 Nd5 23. Kf2 Nf4 24. Rc1 Rb3 25. Rd1 Rbd3 26. Rc1 Kc7 27. Rcc2 Rb3 28. Nc3 Nd3+ 29. Ke3 Ne1 30. Rcb2 Rxb2 31. Rxb2 Nxg2+ 32. Ke4 f5+ 33. Ke5 Nh4 34. Kf4 Ng6+ 35. Ke3 e5 36. d3 Rd4 37. Ne2 Rh4 38. Ng3 f4+ 39. Kf2 fxg3+ 40. Kxg3 Rd4 41. Rb3 Nf4 42. Kg4 Rxd3 43. Rb1 g6 44. Re1 Rd5 45. h4 h6 46. h5 Nxh5 47. Rc1 Nf6+ 48. Kh4 Kc6 49. Kg3 Rd3 50. Ra1 Nh5+ 51. Kg2 Nf4+ 52. Kf2 g5 53. Re1 Kd5 54. Rh1 h5 55. Rg1 Nh3+ 0-1


[Site "https://www.chess.com"]

[Event "Titled Tuesday Blitz March 22 Early 2022"]
[White "Janaszak, Dawid"]
[Black "Hoffmann, Asa"]
[WhiteFideId "1119206"]
[BlackFideId "2001470"]
[WhiteElo "2199"]
[BlackElo "2117"]
[Result "1-0"]
[Round "04"]
[TimeControl "180+1"]
[Date "2022.03.22"]
[WhiteClock "0:00:14"]
[BlackClock "0:00:01"]

1. e4 d6 2. Nc3 Nf6 3. f4 c6 4. Nf3 d5 5. e5 Nfd7 6. d4 Nb6 7. Bd3 Bg4 8. h3 Bxf3 9. Qxf3 e6 10. f5 Qh4+ 11. g3 Qxd4 12. Be3 Qxe5 13. O-O-O N8d7 14. fxe6 fxe6 15. Bd4 Qd6 16. Qh5+ Kd8 17. Rhf1 e5 18. Be3 Nf6 19. Bg5 Be7 20. Qf7 Kc7 21. Qxg7 Rhg8 22. Qh6 Nbd7 23. Bxf6 Nxf6 24. g4 Raf8 25. Bf5 d4 26. Kb1 Kb8 27. Ne2 e4 28. Rxd4 Qe5 29. Rfd1 Nd5 30. Rxe4 Qf6 31. Qd2 Bd6 32. c4 Bb4 33. Qd3 Ne7 34. Qg3+ Ka8 35. Nf4 1-0


[Site "https://www.chess.com"]

[Event "Titled Tuesday Blitz March 22 Early 2022"]
[White "Jaracz, Pawel"]
[Black "Perera Alfonso, Rene Humberto"]
[WhiteFideId "1102222"]
[BlackFideId "3514722"]
[WhiteElo "2429"]
[BlackElo "2313"]
[Result "1/2-1/2"]
[Round "04"]
[TimeControl "180+1"]
[Date "2022.03.22"]
[WhiteClock "0:00:16"]
[BlackClock "0:00:25"]

1. d4 d5 2. Nf3 Nf6 3. Bg5 Ne4 4. h4 c5 5. dxc5 h6 6. Bf4 e6 7. e3 Bxc5 8. Nbd2 Nxd2 9. Qxd2 Nc6 10. Bd3 Qe7 11. Ne5 Bd7 12. Nxd7 Qxd7 13. Bg3 e5 14. e4 dxe4 15. Bxe4 Qxd2+ 16. Kxd2 O-O-O+ 17. Kc1 f6 18. c3 Rd6 19. Kc2 Rhd8 20. Rad1 Rxd1 21. Rxd1 Rxd1 22. Kxd1 Kd7 23. Bf5+ Kd6 24. f4 Be3 25. fxe5+ Nxe5 26. h5 b6 27. Kc2 Kd5 28. a4 Bg5 29. b4 Nc4 30. Bc8 Ke4 31. Bb7+ Kf5 32. Bb8 a5 33. Bc7 Bf4 34. Bd8 Ke6 35. Ba6 Kd7 36. Bxc4 Kxd8 37. Kd3 Kc7 38. g4 Bd6 39. bxa5 bxa5 40. Ke4 Be5 41. Kd3 Kd6 42. Bf7 Kc5 43. Be8 Bf4 44. c4 Bc1 45. Bb5 Bg5 46. Ke4 Bc1 47. Kf5 Bg5 48. Ke6 Bc1 49. Kf7 Bg5 50. Kxg7 Kd6 51. Kf7 Bh4 52. Kg7 Bg5 53. Kg6 Kc5 54. Kf5 Kd6 55. Be8 Bh4 56. Kg6 Bg5 57. Kf7 Bh4 58. Bb5 Bg5 59. Ke8 Bh4 60. Ba6 Bg5 61. Bc8 Bh4 62. Bf5 Bg5 63. Kd8 Bh4 64. Kc8 Bg5 65. Kb7 Kc5 66. Ka6 Bd2 67. g5 fxg5 68. Be6 g4 69. Bxg4 Kxc4 70. Bf5 Kb4 71. Bd7 Bg5 72. Kb6 Be3+ 73. Kb7 Bg5 74. Kc8 Be3 75. Bb5 Bg5 76. Kd7 Be3 77. Ke6 Bg5 78. Kd5 Bc1 79. Ke4 Bg5 80. Kf5 Bc1 81. Ke4 Bg5 82. Kf5 Bc1 83. Ke4 1/2-1/2


[Site "https://www.chess.com"]

[Event "Titled Tuesday Blitz March 22 Early 2022"]
[White "Jumabayev, Rinat"]
[Black "Vogel, Roven"]
[WhiteFideId "13702661"]
[BlackFideId "12908088"]
[WhiteElo "2561"]
[BlackElo "2516"]
[Result "0-1"]
[Round "04"]
[TimeControl "180+1"]
[Date "2022.03.22"]
[WhiteClock "0:00:04"]
[BlackClock "0:00:22"]

1. d4 Nf6 2. c4 e6 3. Nf3 d5 4. g3 dxc4 5. Qa4+ Nbd7 6. Qxc4 a6 7. Bg2 b5 8. Qd3 Bb7 9. O-O c5 10. dxc5 Bxc5 11. Nc3 O-O 12. Bf4 Qe7 13. Rad1 e5 14. Nxe5 Bxg2 15. Nxd7 Bxf1 16. Nxc5 Qxc5 17. Kxf1 Qc6 18. f3 b4 19. Nd5 Nxd5 20. Qxd5 Qxd5 21. Rxd5 Rfd8 22. Ra5 h6 23. h4 Rdc8 24. Bd6 Rc1+ 25. Kf2 Rc2 26. Bxb4 Re8 27. g4 Rexe2+ 28. Kg3 Rxb2 29. a3 Re6 30. h5 Rb3 31. Bd2 Rf6 32. Bf4 Rc6 33. g5 hxg5 34. Bxg5 Rcc3 35. Rf5 Rxa3 36. h6 gxh6 37. Bxh6 Rc6 38. Bg5 Rg6 39. Kh4 Ra1 40. f4 Rg1 41. Kh5 Kg7 42. Rc5 Rd6 43. f5 Rd3 44. f6+ Kh7 45. Rc7 Rd5 46. Rxf7+ Kh8 47. Rf8+ Kh7 48. Rf7+ Kg8 49. Rg7+ Kf8 50. Kh6 Rdxg5 51. Rxg5 Rxg5 52. Kxg5 a5 53. Kf4 a4 54. Ke3 a3 55. Kd2 a2 0-1


[Site "https://www.chess.com"]

[Event "Titled Tuesday Blitz March 22 Early 2022"]
[White "Karas, Marek"]
[Black "Smirnov, Pavel"]
[WhiteFideId "14928558"]
[BlackFideId "4123425"]
[WhiteElo "2271"]
[BlackElo "2545"]
[Result "0-1"]
[Round "04"]
[TimeControl "180+1"]
[Date "2022.03.22"]
[WhiteClock "0:00:08"]
[BlackClock "0:01:07"]

1. d4 Nf6 2. Nf3 e6 3. c4 d5 4. Nc3 c6 5. g3 Nbd7 6. Bg2 Be7 7. O-O O-O 8. Qd3 b6 9. b3 Ba6 10. Rd1 Qc8 11. e4 b5 12. Nd2 bxc4 13. bxc4 Nb6 14. Bb2 Nxc4 15. Nxc4 Bxc4 16. Qd2 Qa6 17. Rdc1 Rab8 18. Rab1 Rb7 19. Ba1 Rfb8 20. Rxb7 Rxb7 21. Qc2 h6 22. Bf1 Bxf1 23. Rxf1 dxe4 24. Nxe4 Nxe4 25. Qxe4 Qxa2 26. Qxc6 Rb1 27. Bc3 Rxf1+ 28. Kxf1 Qd5 29. Qa4 Qb7 30. h4 Bf6 31. Qc4 a6 32. Bb4 Qh1+ 33. Ke2 Qe4+ 34. Kf1 Qxd4 35. Qc8+ Kh7 36. Qc2+ g6 37. Be1 Kg7 38. Qc6 Qd3+ 39. Kg2 Qd5+ 40. Qxd5 exd5 41. Kf3 Bd4 42. Ke2 Kf6 43. Kd3 Bc5 44. f3 Ke6 45. g4 h5 46. Bd2 Be7 47. Be1 Bd8 48. Bf2 a5 49. Be1 a4 0-1


[Site "https://www.chess.com"]

[Event "Titled Tuesday Blitz March 22 Early 2022"]
[White "Karthikeyan, Murali"]
[Black "Fiorito, Fabian"]
[WhiteFideId "5074452"]
[BlackFideId "100200"]
[WhiteElo "2579"]
[BlackElo "2395"]
[Result "1-0"]
[Round "04"]
[TimeControl "180+1"]
[Date "2022.03.22"]
[WhiteClock "0:00:09"]
[BlackClock "0:00:26"]

1. e4 c6 2. d4 d5 3. e5 Bf5 4. h4 h6 5. Bd3 Bxd3 6. Qxd3 e6 7. Ne2 c5 8. c4 Nc6 9. cxd5 Qxd5 10. Nbc3 Qd7 11. Be3 cxd4 12. Nxd4 Rd8 13. O-O-O Bc5 14. Nxc6 Qxd3 15. Rxd3 Rxd3 16. Bxc5 bxc6 17. Bxa7 Ne7 18. Bc5 h5 19. a4 Kd7 20. Kc2 Rxc3+ 21. bxc3 Nd5 22. c4 Nf4 23. Rd1+ Kc7 24. g3 Ng6 25. a5 Nf8 26. Bb6+ Kb7 27. Rd8 Ng6 28. Rd7+ Ka8 29. f4 Rf8 30. Kc3 f6 31. Rxg7 Nh8 32. exf6 Nf7 33. Bc5 1-0


[Site "https://www.chess.com"]

[Event "Titled Tuesday Blitz March 22 Early 2022"]
[White "Kashefi, Amir Hosein"]
[Black "Agasarov, Benik"]
[WhiteFideId "12557935"]
[BlackFideId "13314823"]
[WhiteElo "2107"]
[BlackElo "2549"]
[Result "0-1"]
[Round "04"]
[TimeControl "180+1"]
[Date "2022.03.22"]
[WhiteClock "0:00:06"]
[BlackClock "0:00:12"]

1. d4 Nf6 2. Nf3 e6 3. Bf4 d5 4. e3 c5 5. c3 Bd6 6. Bg3 Qc7 7. Bd3 Nbd7 8. O-O e5 9. dxe5 Nxe5 10. Nxe5 Bxe5 11. Bb5+ Ke7 12. Nd2 Bxg3 13. hxg3 Bg4 14. Be2 Bxe2 15. Qxe2 Rhe8 16. Rad1 Kf8 17. Nb3 Kg8 18. Qf3 Rad8 19. Nc1 b6 20. Nd3 Rd7 21. a3 Red8 22. Qf4 Qxf4 23. gxf4 d4 24. exd4 cxd4 25. c4 Rc7 26. Ne5 Ne8 27. b3 f6 28. Nf3 Rcd7 29. Rd2 Nc7 30. Rfd1 d3 31. f5 Na6 32. b4 Rc7 33. Rxd3 Rdc8 34. Rd8+ Rxd8 35. Rxd8+ Kf7 36. Rd4 Nb8 37. Nd2 Nc6 38. Rd5 Ne7 39. Rb5 Nc8 40. c5 a6 41. Rxb6 Nxb6 42. cxb6 Rb7 43. Nc4 Ke7 44. a4 Kd7 45. a5 Kc6 46. Kf1 Rd7 47. Ne3 Kb5 48. Nc2 Rd2 49. Ke1 Rd8 50. Ke2 Rc8 51. Kd2 Rd8+ 52. Kc1 Kc4 53. g4 Kc3 54. Ne3 Kxb4 55. b7 Rb8 56. Nd5+ Kxa5 57. Ne7 Rxb7 58. Nc6+ Kb6 59. Nd4 Rc7+ 60. Kb2 Re7 61. Ne6 Rxe6 62. fxe6 Kc6 63. f4 Kd6 64. f5 g6 65. Kc3 gxf5 66. gxf5 Ke7 67. Kb4 h5 68. Kc5 h4 69. Kd4 a5 70. Kc4 h3 71. Kb5 h2 72. Ka4 h1=Q 73. Ka3 Qe4 74. Kb3 Qb4+ 75. Kc2 a4 76. Kd3 a3 77. Kc2 a2 78. Kd3 a1=Q 79. Kc2 Qbc3# 0-1


[Site "https://www.chess.com"]

[Event "Titled Tuesday Blitz March 22 Early 2022"]
[White "Khamzin, Olzhas"]
[Black "Jaskolka, Tomasz"]
[WhiteFideId "13701690"]
[BlackFideId "1170791"]
[WhiteElo "2194"]
[BlackElo "2073"]
[Result "1-0"]
[Round "04"]
[TimeControl "180+1"]
[Date "2022.03.22"]
[WhiteClock "0:01:21"]
[BlackClock "0:00:03"]

1. d4 e6 2. Nc3 d5 3. Bf4 c6 4. e3 Nf6 5. Qf3 Nbd7 6. g4 h6 7. h4 Be7 8. g5 hxg5 9. hxg5 Rxh1 10. Qxh1 Ng8 11. Qh8 Kf8 12. g6 fxg6 13. Nf3 g5 14. Be5 Bf6 15. Bd3 g4 16. Bh7 gxf3 17. Bxg8 Ke7 18. Bxf6+ gxf6 19. Qg7+ Kd6 20. e4 Qf8 21. Qg3+ Ke7 22. exd5 cxd5 23. O-O-O Nb6 24. Re1 Bd7 25. Bxe6 Bxe6 26. Qc7+ Nd7 27. Nxd5+ Kf7 28. Nf4 Rc8 29. Qxb7 Bf5 30. Qb3+ Kg7 31. Rg1+ Kh8 32. Qxf3 Rxc2+ 33. Kd1 Bh7 34. Qh5 Qc8 35. Ng6+ Kg7 36. Ne7+ Kf8 37. Nxc8 Rxc8 38. Qxh7 1-0


[Site "https://www.chess.com"]

[Event "Titled Tuesday Blitz March 22 Early 2022"]
[White "Khripachenko, Alexander"]
[Black "Abdrlauf, Elham"]
[WhiteFideId "54184975"]
[BlackFideId "1533533"]
[WhiteElo "2177"]
[BlackElo "2334"]
[Result "1-0"]
[Round "04"]
[TimeControl "180+1"]
[Date "2022.03.22"]
[WhiteClock "0:00:14"]
[BlackClock "0:00:17"]

1. e4 d5 2. exd5 Qxd5 3. Nf3 Bg4 4. Be2 Nc6 5. d4 e5 6. c4 Qa5+ 7. Bd2 Bb4 8. d5 Bxf3 9. Bxf3 Nd4 10. Nc3 Nf6 11. O-O O-O 12. a3 Bxc3 13. Bxc3 Qc5 14. Bxd4 exd4 15. Qd3 Nd7 16. Rad1 Qb6 17. Qxd4 Qxd4 18. Rxd4 Rfe8 19. Rdd1 a5 20. Rfe1 Kf8 21. Kf1 a4 22. Rxe8+ Rxe8 23. Re1 Rxe1+ 24. Kxe1 Ke7 25. Kd2 Kd6 26. Bd1 Nc5 27. f4 h6 28. Bc2 b6 29. Kc3 f6 30. g3 g5 31. Kb4 gxf4 32. gxf4 c6 33. dxc6 Ne6 34. f5 Ng5 35. Bxa4 h5 36. Bd1 h4 37. Kb5 Kc7 38. c5 bxc5 39. Kxc5 Ne4+ 40. Kd4 Nd6 41. Bf3 Nxf5+ 42. Kc5 Ng7 43. Bd5 f5 44. b4 f4 45. b5 f3 46. b6+ Kd8 47. Bxf3 Ne6+ 48. Kd6 Nd4 49. c7+ Kc8 50. Bg4+ Kb7 51. c8=Q+ Kxb6 52. Qc5+ Ka6 53. Bc8# 1-0


[Site "https://www.chess.com"]

[Event "Titled Tuesday Blitz March 22 Early 2022"]
[White "Kollars, Dmitrij"]
[Black "Boros, Denes"]
[WhiteFideId "12909572"]
[BlackFideId "722340"]
[WhiteElo "2584"]
[BlackElo "2464"]
[Result "1-0"]
[Round "04"]
[TimeControl "180+1"]
[Date "2022.03.22"]
[WhiteClock "0:00:12"]
[BlackClock "0:00:08"]

1. c4 Nf6 2. Nc3 c5 3. g3 e6 4. Nf3 d5 5. cxd5 exd5 6. d4 cxd4 7. Nxd4 Bc5 8. Bg2 Bb6 9. O-O Nc6 10. Be3 O-O 11. Na4 Ng4 12. Nxc6 bxc6 13. Bd4 Re8 14. e3 Ne5 15. Nxb6 axb6 16. Qb3 Nc4 17. Qc3 Qg5 18. b3 Na5 19. h4 Qg6 20. Bxb6 Nb7 21. Rfc1 Bd7 22. a4 Nd6 23. a5 Ne4 24. Qe1 Qf5 25. b4 g5 26. hxg5 Nxg5 27. f4 Ne4 28. Bd4 Re6 29. Ra2 Rg6 30. Bxe4 Qxe4 31. Qf2 h5 32. Qg2 Qe7 33. Bc5 Qe6 34. Qh2 Qg4 35. Rg2 Qf5 36. Bd4 Bc8 37. Qh4 Ba6 38. g4 Rxg4 39. Rxg4+ Qxg4+ 40. Qxg4+ hxg4 41. Rxc6 Bd3 42. Rh6 Bh7 43. a6 Rc8 44. Bc5 Kg7 45. Rd6 Be4 46. a7 g3 47. Ra6 d4 48. Bxd4+ f6 49. Bxf6+ Kf7 50. Bb2 Ba8 51. Rf6+ Ke7 52. Rg6 Rc2 53. Bf6+ Kf7 54. Rxg3 Kxf6 55. Rg8 Rc1+ 56. Kf2 Rc2+ 57. Ke1 Bd5 58. a8=Q Bxa8 59. Rxa8 Rc1+ 60. Kd2 Rb1 61. Rb8 Rb2+ 62. Kc3 Rb1 63. b5 Kf5 64. b6 Ke4 65. b7 Kxe3 1-0


[Site "https://www.chess.com"]

[Event "Titled Tuesday Blitz March 22 Early 2022"]
[White "Koridze, Lile"]
[Black "Myshakov, Fyodor"]
[WhiteFideId "13612514"]
[BlackFideId "14111284"]
[WhiteElo "1999"]
[BlackElo "2310"]
[Result "1-0"]
[Round "04"]
[TimeControl "180+1"]
[Date "2022.03.22"]
[WhiteClock "0:00:10"]
[BlackClock "0:00:15"]

1. d4 d5 2. c4 dxc4 3. Nc3 Nf6 4. e3 e6 5. Bxc4 c5 6. Nf3 a6 7. a4 Nc6 8. O-O cxd4 9. exd4 Nb4 10. Bg5 Be7 11. Re1 O-O 12. Qd2 Bd7 13. Rad1 Bc6 14. Ne5 Bd5 15. Nxd5 Nbxd5 16. Bd3 Bb4 17. Qc2 Bxe1 18. Bxh7+ Kh8 19. Rxe1 Nb4 20. Qd2 Kxh7 21. Qxb4 Nd5 22. Bxd8 Nxb4 23. Be7 Nc2 24. Rd1 Rfe8 25. Bc5 f6 26. Nc4 e5 27. Nb6 Rad8 28. d5 Nd4 29. f3 Nb3 30. Be3 Rd6 31. Rd3 Nd4 32. a5 Nb5 33. Bc5 Rdd8 34. d6 e4 35. fxe4 Rxe4 36. d7 Re5 37. Bf2 Kg8 38. Bg3 Re2 39. b3 Kf7 40. Kf1 Re6 41. Kf2 g6 42. Kf3 f5 43. Bh4 Re7 44. Bxe7 Kxe7 45. Re3+ Kf7 46. Rd3 Nc7 47. Nc8 Ne6 48. Nd6+ Ke7 49. Nxb7 Rxd7 50. Rxd7+ Kxd7 51. b4 Kc6 52. Nc5 Nxc5 53. bxc5 Kxc5 54. Kf4 Kb5 55. Kg5 Kxa5 56. Kxg6 Kb6 57. h4 a5 58. h5 a4 59. h6 a3 60. h7 a2 61. h8=Q 1-0


[Site "https://www.chess.com"]

[Event "Titled Tuesday Blitz March 22 Early 2022"]
[White "Krylov, Ivan"]
[Black "Johnson, Ben"]
[WhiteFideId "24128066"]
[BlackFideId "2010917"]
[WhiteElo "2258"]
[BlackElo "2208"]
[Result "1-0"]
[Round "04"]
[TimeControl "180+1"]
[Date "2022.03.22"]
[WhiteClock "0:00:17"]
[BlackClock "0:00:01"]

1. e4 c5 2. Nf3 Nc6 3. Bb5 g6 4. O-O Bg7 5. Nc3 d6 6. Bxc6+ bxc6 7. d3 e5 8. Be3 Ne7 9. a4 a5 10. h3 O-O 11. Ne2 f5 12. exf5 Nxf5 13. Bd2 Nd4 14. Nexd4 exd4 15. Bg5 Qc7 16. Re1 Qf7 17. Re7 Qf5 18. Qd2 Rf7 19. Re8+ Rf8 20. Rae1 Bd7 21. Rxa8 Rxa8 22. Re7 Be6 23. Bh6 Bf6 24. Rb7 Bd5 25. Ng5 Bxg5 26. Bxg5 Rf8 27. Bh4 Rf7 28. Rxf7 Kxf7 29. Qxa5 Qg5 30. Bxg5 1-0


[Site "https://www.chess.com"]